[Event "Chessity Nationale Pupillendag 2018 - Groep F"]
[Site "Meppel, Netherlands"]
[Date "2018.06.23"]
[Round "1.1"]
[White "Van Lingen, Xander"]
[Black "Grooten, Tommy"]
[Result "0-1"]
[TimeControl "15 min + 10 sec"]
[WhiteElo "502"]
[BlackElo "1408"]

1. e4 c5 2. Nc3 e6 3. Nf3 d6 4.
Bc4 a6 5. O-O b5 6. Bb3 c4 7. Bxc4 bxc4 8. d3 cxd3 9. cxd3 Nf6 10. Bg5 Be7 11. e5 dxe5 12. Nxe5 Qa5 13. Nc4 Qc5 14.
Bxf6 Bxf6 15. Re1 Bxc3 16. Re2 Bd4 17. Rc1 Qd5 18. Nb6 Bxb6 19. Rxc8+ Bd8 20. Qa4+ Qd7 21. Qa5 Nc6 22. Rc2 Rxc8 23.
Qxa6 Bc7 24. Rxc6 Bxh2+ 25. Kxh2 Qxc6 26. Qa3 Kd7 27. Qb4 Qd6 28. Qxd6+ Kxd6 29. a4 Rc2 30. a5 Rxb2 31. a6 Ra2 32. a7 Ke5 33. a8=Q Rhxa8 34. g3 Kd4 35. Kh3 R8a5 36. g4 Kxd3 37. Kh4 g6 38.
g5 R5a4 39. f4 Ke3 40. Kg3 Rxf4 41. Kh3 Rf3 42. Kh4 Ra4 0-1

[Event "Chessity Nationale Pupillendag 2018 - Groep F"]
[Site "Meppel, Netherlands"]
[Date "2018.06.23"]
[Round "1.2"]
[White "Jakhari, Ansh"]
[Black "Sangwan, Shourya"]
[Result "1-0"]
[TimeControl "15 min + 10 sec"]
[WhiteElo "1293"]
[BlackElo "483"]

1. e4 e5 2. Nf3 Nf6 3. Nxe5 Nxe4 4. Qe2 Qe7 5. Qxe4 d6 6. d4 dxe5 7. dxe5 Nc6 8. Bf4 g6 9. Bb5 Qc5 10. Nc3 a6 11. Bxc6+ bxc6 12. O-O-O Bf5 13. Qe2 Bg7 14. Rhe1 O-O 15. g4 Be6 16.
h4 Rad8 17. Rxd8 Rxd8 18. h5 gxh5 19. gxh5 Rd4 20. Be3 Qxe5 21. Bxd4 Qxd4 22. Rg1 Qf4+ 23. Kb1 h6 1-0

[Event "Chessity Nationale Pupillendag 2018 - Groep F"]
[Site "Meppel, Netherlands"]
[Date "2018.06.23"]
[Round "1.3"]
[White "Dijcker, Thymen"]
[Black "Kazarjan, Gachatur"]
[Result "0-1"]
[TimeControl "15 min + 10 sec"]
[WhiteElo "468"]
[BlackElo "1020"]

1. e4 e6 2. Nf3 d5 3. e5 Nc6 4. d4 b6 5. Bb5 Bb7 6. Nbd2 a6 7. Bd3 Be7 8. Nb3 a5 9. Bf4 a4 10.
Nbd2 a3 11. b3 Bb4 12. Bg5 Nge7 13. O-O Bc3 14. Rb1 Bxd4 15. Nxd4 Nxd4 16. Be3 Ndc6 17. Bb5 O-O 18. Bxc6 Nxc6 19.
Bf4 Ne7 20. Bg5 c5 21. Nf3 Qc7 22. Qe2 Ng6 23. Nh4 Qxe5 24. Nxg6 Qxe2 25. Nxf8 Kxf8 26. Rfe1 Qxc2 27. Rbc1 Qg6 28.
Bf4 d4 29. Bd6+ Kg8 30. Rcd1 Qxg2+ 0-1

[Event "Chessity Nationale Pupillendag 2018 - Groep F"]
[Site "Meppel, Netherlands"]
[Date "2018.06.23"]
[Round "1.4"]
[White "Van Batenburg, Mees"]
[Black "Vleming, Josefien"]
[Result "1-0"]
[TimeControl "15 min + 10 sec"]
[WhiteElo "962"]
[BlackElo "465"]

1. e4 e5 2. Nf3 Nc6 3. Bc4 Nf6 4.
Ng5 Qe7 5. Bxf7+ Kd8 6. Nc3 d6 7. Bc4 h6 8. Nf7+ Ke8 9. Nxh8 Be6 10. Bxe6 Qxe6 11. Ng6 d5 12. exd5 Nxd5 13. Nxf8 Kxf8 14.
Qf3+ Nf4 15. g3 Nd4 16. Qe4 Rb8 17. gxf4 c5 18. fxe5 b6 19. Nd5 Rd8 1-0

[Event "Chessity Nationale Pupillendag 2018 - Groep F"]
[Site "Meppel, Netherlands"]
[Date "2018.06.23"]
[Round "1.5"]
[White "Visser, Alma"]
[Black "Madularea, David"]
[Result "0-1"]
[TimeControl "15 min + 10 sec"]
[WhiteElo "463"]
[BlackElo "961"]

1. e4 e5 2. Bc4 Nf6 3. Nf3 Bc5 4. Nxe5 O-O 5. Nxf7 Rxf7 6. Bxf7+ Kxf7 7. Nc3 Nc6 8. O-O Kg8 9. d3 d6 10.
Bg5 Qf8 11. Nd5 Nxd5 12. exd5 Nb4 13. Qe2 Nxd5 14. c4 Nb6 15. Qe4 c6 16. Be7 Qe8 17. Rae1 Bb4 18. Re3 Bc5 19. Rh3 h6 20.
Rg3 d5 21. Qe5 Qxe7 22. Re1 Qxe5 23. Rxe5 Bd6 24. Re8+ Kf7 25. Rge3 Bd7 26. Rxa8 Nxa8 27. Rf3+ Kg6 28. h3 Nc7 29.
g4 b6 30. d4 dxc4 31. b3 cxb3 32. axb3 0-1

[Event "Chessity Nationale Pupillendag 2018 - Groep F"]
[Site "Meppel, Netherlands"]
[Date "2018.06.23"]
[Round "1.6"]
[White "Paulzen, Yuko"]
[Black "Lopes, Samuel"]
[Result "1-0"]
[TimeControl "15 min + 10 sec"]
[WhiteElo "931"]
[BlackElo "455"]

1. d4 e6 2. Nc3 Bb4 3.
Bd2 Nc6 4. Nf3 Nf6 5. a3 Bxc3 6. Bxc3 O-O 7. e3 d6 8. Bb5 Bd7 9. O-O a6 10. Bxc6 Bxc6 11. Re1 Ne4 12. Qd3 Nxc3 13. Qxc3 Qf6 14.
e4 Qg6 15. Qe3 Rae8 16. c3 f6 17. Rad1 f5 18. exf5 exf5 19. Qf4 Rxe1+ 20. Rxe1 h5 21. Qg5 Qf7 22. Re7 Qb3 23. Qxg7+ 1-0

[Event "Chessity Nationale Pupillendag 2018 - Groep F"]
[Site "Meppel, Netherlands"]
[Date "2018.06.23"]
[Round "2.1"]
[White "Grooten, Tommy"]
[Black "Van Loon, Joost"]
[Result "1-0"]
[TimeControl "15 min + 10 sec"]
[WhiteElo "1408"]
[BlackElo "613"]

1. e4 e5 2. Nf3 Nc6 3. Bc4 Bc5 4. b4 Bxb4 5. c3 Bd6 6. O-O Nf6 7. d4 exd4 8.
cxd4 Nxe4 9. Re1 Qe7 10. Bd5 f5 11. Ng5 b6 12.
Nxe4 Qh4 13. Nxd6+ Kf8 14. Re8# 1-0

[Event "Chessity Nationale Pupillendag 2018 - Groep F"]
[Site "Meppel, Netherlands"]
[Date "2018.06.23"]
[Round "2.2"]
[White "Koolhoven, Giovanni"]
[Black "Jakhari, Ansh"]
[Result "0-1"]
[TimeControl "15 min + 10 sec"]
[WhiteElo "598"]
[BlackElo "1293"]

1. e4 c5 2. Nf3 d6 3. h3 Nf6 4. Nc3 Nc6 5. Bc4 e6 6. d3 d5 7. exd5 exd5 8. Bb5 Bd7 9. O-O Be7 10. Bg5 d4 11. Ne2 O-O 12. Nf4 a6 13.
Ba4 b5 14. Bb3 Na5 15. Bd5 Nxd5 16.
Nxd5 Bxg5 17. Nxg5 Qxg5 18. Nc7 Bxh3 19. g3 Ra7 20. Re1 Rxc7 21.
Qe2 Be6 22. Qe4 Bd5 23. Qe8 Qh5 24. Kf1 Qh1+ 25. Ke2 Rxe8+ 26. Kd2 Rxe1 27. Rxe1 Qh6+ 28. Kd1 Bf3+ 29. Re2 Re7 30. c3 Bxe2+ 31. Kc2 Qg6 32. Kd2 Qxd3+ 33. Kc1 Qd1# 0-1

[Event "Chessity Nationale Pupillendag 2018 - Groep F"]
[Site "Meppel, Netherlands"]
[Date "2018.06.23"]
[Round "2.3"]
[White "Kazarjan, Gachatur"]
[Black "Song, Fred"]
[Result "1-0"]
[TimeControl "15 min + 10 sec"]
[WhiteElo "1020"]
[BlackElo "580"]

1. d4 d5 2. c4 dxc4 3. e4 Nf6 4. e5 Nd5 5. Bxc4 e6 6. Nc3 Bb4 7. Bd2 Bxc3 8. Bxc3 Nxc3 9. bxc3 Nc6 10. Nf3 Na5 11. Qa4+ Bd7 12. Qxa5 O-O 13. O-O b6 14. Qa3 Bc6 15. Be2 a5 16.
c4 b5 17. c5 Qd5 18. Rfe1 b4 19. Qb3 Qxb3 20. axb3 h6 21. Nd2 Rad8 22. Nf3 Bxf3 23. Bxf3 Rxd4 24. Rxa5 Rd3 25. Rb1 Rb8 26. Rba1 Rdd8 27. g3 g6 28.
Ra8 Rxa8 29. Rxa8 Rxa8 30. Bxa8 Kg7 31. f3 f6 32.
f4 fxe5 33. fxe5 g5 34. Kf2 Kg6 35. Be4+ Kh5 36. h3 g4 37.
h4 c6 38. Bxc6 Kg6 39. Bd7 Kf5 40. c6 Kxe5 41. c7 Kd6 42. c8=Q e5 43. Qc6+ Ke7 44. Qe6+ Kf8 45. Bb5 Kg7 46. Bc4 Kh7 47. Qg8 1-0

[Event "Chessity Nationale Pupillendag 2018 - Groep F"]
[Site "Meppel, Netherlands"]
[Date "2018.06.23"]
[Round "2.4"]
[White "Bok, Tjacko"]
[Black "Van Batenburg, Mees"]
[Result "0-1"]
[TimeControl "15 min + 10 sec"]
[WhiteElo "595"]
[BlackElo "962"]

1. e4 e5 2. Nf3 Nc6 3. Bc4 Bc5 4. O-O h6 5. c3 Nf6 6. d4 exd4 7. cxd4 Bb4 8. Qe2 d5 9. exd5+ Ne7 10. a3 Bd6 11.
Nc3 O-O 12. Ne5 Bxe5 13. dxe5 Nfxd5 14. Nxd5 Nxd5 15. Qe4 Be6 16. Bd3 g6 17. Bxh6 Bf5 18. Qe2 Nf4 19. Bxf4 Bxd3 20. Qf3 Bxf1 21. Rxf1 Qh4 22. g3 Qh5 23.
Qxb7 Qe2 24. Qxc7 Qxb2 25. Qe7 Qb6 26. a4 Rae8 27. Qh4 Re6 28. g4 Qd4 29. Be3 Qxa4 30. f4 a6 31. Qg5 Qb3 32.
Bc5 Rc8 33. Bd6 Qe3+ 34. Kg2 Rc2+ 35. Kh1 0-1

[Event "Chessity Nationale Pupillendag 2018 - Groep F"]
[Site "Meppel, Netherlands"]
[Date "2018.06.23"]
[Round "2.5"]
[White "Madularea, David"]
[Black "Tang, Dean"]
[Result "1-0"]
[TimeControl "15 min + 10 sec"]
[WhiteElo "961"]
[BlackElo "563"]

1. d4 e5 2. e4 d5 3. c4 exd4 4. Nf3 dxe4 5. Nxd4 Nf6 6.
Nc3 Bc5 7. Nb3 Qxd1+ 8. Nxd1 Bb4+ 9. Bd2 Bxd2+ 10. Nxd2 Nc6 11. Ne3 Nd4 12. O-O-O Ng4 13. Nxe4 O-O 14.
Rxd4 Bf5 15. Nxf5 b6 16. Nf6+ Nxf6 17. Bd3 c5 18. Rh4 h6 19. Rh3 Ng4 20. Rg3 Nxf2 21. Nxh6+ Kh8 22. Rf1 gxh6 23. Rxf2 f5 24. Rxf5 Rxf5 25.
Bxf5 Rf8 26. Bg6 Rf1+ 27. Kc2 Rf2+ 28. Kb3 Re2 29. h3 Kg7 30. Bh5+ Kf6 31. Bxe2 Kf5 32. Re3 Kf4 33. Re6 h5 34. g4 h4 35.
g5 Kxg5 36. Bg4 Kf4 37. Kc3 Kg3 38. Rf6 Kg2 39. Kd3 Kg3 40. Ke2 Kg2 41. Rg6 Kg3 42. Bf5+ Kf4 43. Rf6 Ke5 44. Rf7 Kf4 45. Kd3 Ke5 46. Bg6 Ke6 47.
Ke4 Kd6 48. Rf6+ Kc7 49. Be8 Kb7 50. Bb5 a6 51. Bc6+ Ka7 52. Rf7+ Kb8 53. Ke5 Kc8 54. Kd6 Kb8 55. Rf8+ Ka7 56. Ra8# 1-0

[Event "Chessity Nationale Pupillendag 2018 - Groep F"]
[Site "Meppel, Netherlands"]
[Date "2018.06.23"]
[Round "2.6"]
[White "Chardon, Kayen"]
[Black "Paulzen, Yuko"]
[Result "0-1"]
[TimeControl "15 min + 10 sec"]
[WhiteElo "563"]
[BlackElo "931"]

1. e4 e5 2. Nf3 Nc6 3. Bb5 d6 4. c4 Bg4 5. Nc3 Nge7 6. O-O g6 7. h3 Be6 8. d4 a6 9. Bxc6+ bxc6 10. Bg5 Bxc4 11. Re1 Bg7 12. Qa4 Bb5 13. Nxb5 cxb5 14. Qc2 exd4 15.
Bxe7 Qxe7 16. Qc6+ Qd7 17. Qxa8+ Qd8 18. Qxd8+ Kxd8 19. Red1 c5 20. b4 d3 21. Rab1 c4 22. Ng5 Ke7 23. Re1 d2 24. Red1 c3 25. Nf3 Rc8 26. Nxd2 c2 27. Rbc1 cxd1=Q+ 28. Rxd1 Rc2 29. Nb1 Rxa2 30. Re1 Ra1 31. Rc1 Ke6 32. f3 Bh6 33. Rd1 Be3+ 34. Kf1 Bg5 35. g3 Bf6 36. f4 Bb2 37.
g4 Ba3 38. f5+ gxf5 39. gxf5+ Ke7 40. Ke2 Bxb4 41. Rc1 Bc5 42. e5 a5 43. f6+ Ke6 44. Kd2 dxe5 45. Kc2 Kxf6 46. Kb2 Bd4+ 47. Kc2 a4 48. Rf1+ Ke6 49.
Rg1 a3 50. Rg7 a2 51. Nd2 Rh1 52. Nb3 a1=Q 53. Nxa1 Rxa1 54. Rxh7 b4 55. Kb3 Bc3 56.
Rh6+ Ke7 57. h4 Ra3+ 58. Kc2 Bd4 59. h5 b3+ 60. Kb1 b2 61. Kc2 Ra1 62. Rh8 b1=Q+ 63. Kd2 Qb3 64. Rc8 Ra2+ 65. Kc1 Be3# 0-1

[Event "Chessity Nationale Pupillendag 2018 - Groep F"]
[Site "Meppel, Netherlands"]
[Date "2018.06.23"]
[Round "3.1"]
[White "De Vreugt Pezo, Max"]
[Black "Grooten, Tommy"]
[Result "1-0"]
[TimeControl "15 min + 10 sec"]
[WhiteElo "922"]
[BlackElo "1408"]

1. e4 c5 2. Nf3 e6 3. Nc3 d6 4.
Bb5+ Bd7 5. Bxd7+ Qxd7 6. d3 Nf6 7. Be3 Nc6 8. O-O Be7 9. Re1 Ng4 10. Bd2 Nge5 11. Nxe5 dxe5 12. Be3 Nd4 13.
Ne2 O-O 14. Rc1 f5 15. c3 Nxe2+ 16. Qxe2 f4 17. Bd2 Rf6 18. Qh5 Bd6 19. c4 Rh6 20. Qf3 Qe7 21. Rcd1 Rf8 22. b3 Qh4 23.
h3 Rg6 24. Kh2 Rff6 25. Rg1 Rh6 26. Rdf1 Rfg6 27. Bc1 Qd8 28. Bd2 Be7 29. Bc3 Bf6 30. Bd2 Bh4 31. Be1 Rf6 32. Kh1 Rf7 33.
Kh2 Qg5 34. a4 Qf6 35. a5 g5 36. Qg4 f3 37. g3 a6 38. gxh4 Rxh4 39. Qxh4 Rg7 40. Qg4 h6 41. Rg3 Qg6 42.
Rfg1 Qe8 43. h4 h5 44. Qxf3 g4 45. Qf6 Rg6 46. Qxe5 Rg7 47. Bd2 Qf8 48. Qxe6+ 1-0

[Event "Chessity Nationale Pupillendag 2018 - Groep F"]
[Site "Meppel, Netherlands"]
[Date "2018.06.23"]
[Round "3.2"]
[White "Jakhari, Ansh"]
[Black "Fallaux, Storm"]
[Result "1-0"]
[TimeControl "15 min + 10 sec"]
[WhiteElo "1293"]
[BlackElo "779"]

1. e4 e5 2. Nf3 Nc6 3.
Bc4 Bc5 4. c3 Nf6 5. d4 exd4 6. cxd4 Bb4+ 7. Bd2 Nxe4 8. Bxb4 Nxb4 9. Qb3 a5 10. Bxf7+ Kf8 11. a3 Nc6 12.
Bd5 Qe7 13. O-O a4 14. Qa2 Nf6 15. Re1 Qd6 16. Bxc6 bxc6 17. Nc3 Rb8 18. Ne5 Nd5 19. Ne4 Qe6 20. Nc5 Qd6 21. Re2 Bb7 22.
Nexd7+ Kf7 23. Nxb8 Rxb8 24. Qb1 Nf6 25. Qf5 Bc8 26. Qe5 Qxe5 27. dxe5 Nd5 28. e6+ Ke7 29. Nxa4 Bxe6 30. Rae1 Nf4 31.
Re4 g5 32. g3 Kf7 33. gxf4 Bd5 34. Re7+ Kg6 35. fxg5 Kxg5 36. R1e5+ Kf6 37. b4 Ra8 38. Nc5 Rxa3 39. Ne4+ Kg6 40.
Rg5+ Kh6 41. f4 Ra1+ 42. Kf2 Ra2+ 43. Kg3 Ra3+ 44. Kg4 Bxe4 45. Rxe4 Rg3+ 46. hxg3 c5 47. Re6 1-0

[Event "Chessity Nationale Pupillendag 2018 - Groep F"]
[Site "Meppel, Netherlands"]
[Date "2018.06.23"]
[Round "3.3"]
[White "Geldof, Wouter"]
[Black "Kazarjan, Gachatur"]
[Result "0-1"]
[TimeControl "15 min + 10 sec"]
[WhiteElo "701"]
[BlackElo "1020"]

1. e4 e6 2. Nf3 d5 3. d3 Nd7 4.
exd5 exd5 5. d4 c5 6. c3 Ngf6 7. Bg5 h6 8. Bh4 Qb6 9. Qe2+ Be7 10. Bxf6 Nxf6 11. Nh4 Ne4 12. f3 Bxh4+ 13. g3 Be7 14. fxe4 dxe4 15. Qxe4 cxd4 16. cxd4 Qxb2 17. Bc4 Bh3 18. Qf4 O-O 19. Qe4 Qxa1 20. Bd3 g6 21. Qxe7 Rfe8 22.
Qxe8+ Rxe8+ 23. Kd2 Qxa2+ 24. Bc2 Bf5 25. Rc1 Rc8 26. g4 Rxc2+ 27. Kd1 Rxc1+ 28. Kxc1 Qc2# 0-1

[Event "Chessity Nationale Pupillendag 2018 - Groep F"]
[Site "Meppel, Netherlands"]
[Date "2018.06.23"]
[Round "3.4"]
[White "Van Batenburg, Mees"]
[Black "Arnold, Rhys"]
[Result "1-0"]
[TimeControl "15 min + 10 sec"]
[WhiteElo "962"]
[BlackElo "670"]

1. e4 c5 2. d4 cxd4 3. Nf3 e6 4. c3 dxc3 5. Nxc3 Be7 6. Bf4 Nc6 7. Nb5 d6 8. e5 d5 9. Nc3 Bb4 10.
a3 Ba5 11. Bb5 a6 12. Ba4 b5 13.
Bb3 Nge7 14. O-O h6 15. Bc2 O-O 16. b4 Bb6 17. Qd3 Nf5 18. g4 d4 19. Ne2 g6 20. gxf5 exf5 21. Bxh6 Re8 22.
Bg5 Qd5 23. Bb3 Qe4 24. Qxe4 fxe4 25. Nd2 d3 26. Nc3 Rxe5 27. Bf6 Re8 28. Ndxe4 Bf5 29. Nd6 Reb8 30. Bd5 Bd7 31. Bxf7+ Kf8 32. Rae1 Bh3 33. Be7+ Kg7 34. Bd5 Bxf1 35. Bxc6 Ra7 36. Kxf1 Bd4 37. Nd5 d2 38. Rd1 Rxe7 39. Nxe7 Rf8 40.
Rxd2 Bc3 41. Rd3 Bf6 42. Nd5 Bh4 43. f4 Rd8 44. Ne8+ Kh6 45. Rh3 Kh5 46. Nef6 Kh6 47. Rxh4 1-0

[Event "Chessity Nationale Pupillendag 2018 - Groep F"]
[Site "Meppel, Netherlands"]
[Date "2018.06.23"]
[Round "3.5"]
[White "Yalcin, Emre"]
[Black "Madularea, David"]
[Result "0-1"]
[TimeControl "15 min + 10 sec"]
[WhiteElo "627"]
[BlackElo "961"]

1. e4 e5 2. Nf3 Nf6 3. Nc3 Nc6 4. Bc4 Bc5 5. d3 h6 6. Be3 Bb6 7. Qd2 d6 8. Bb5 Be6 9. a3 Qe7 10.
O-O-O O-O-O 11. Bxc6 bxc6 12. Na4 Rhe8 13. Qb4 c5 14. Qb5 Bd7 15. Qa6+ Kb8 16. Nc3 Bc8 17. Qb5 Qd7 18. Qxd7 Bxd7 19. Nd5 Nxd5 20. exd5 f5 21.
g3 g5 22. Rhe1 f4 23. gxf4 exf4 24. Bd2 Bg4 25. Rxe8 Rxe8 26. Re1 Rxe1+ 27. Nxe1 c4 28. f3 Bh5 29. dxc4 Bf2 30. b4 Bxe1 31.
Bxe1 Bxf3 32. Kd2 Kc8 33. Bf2 a6 34. Ke1 Kd7 35. c5 dxc5 36. bxc5 Bxd5 37. Kd2 c6 38. Kd3 Ke6 39. Kc3 Be4 40.
Kb3 Kd5 41. c4+ Ke5 42. Kb4 Bd3 43. a4 Ke4 44. Ka5 Bxc4 45. Kb6 Kd5 46. Bg1 g4 47. a5 Bb5 48. Bf2 h5 49. Bh4 Ke4 50. Bf2 Kf3 51. Bh4 g3 52.
hxg3 fxg3 53. Bxg3 Kxg3 54. Kc7 h4 55. Kd6 h3 56. Ke5 h2 57. Kd4 h1=Q 58. Kc3 Qf3+ 59. Kb4 Qe4+ 60. Kc3 Qc4+ 61. Kd2 Qd3+ 62. Ke1 Qe2# 0-1

[Event "Chessity Nationale Pupillendag 2018 - Groep F"]
[Site "Meppel, Netherlands"]
[Date "2018.06.23"]
[Round "4.1"]
[White "Kazarjan, Gachatur"]
[Black "Paulzen, Yuko"]
[Result "1-0"]
[TimeControl "15 min + 10 sec"]
[WhiteElo "1020"]
[BlackElo "931"]

1. d4 d5 2. c4 c6 3. Nc3 Nf6 4. Nf3 Bg4 5. Be3 e6 6. c5 g6 7. Qb3 Qe7 8. Bg5 Bg7 9. Ne5 h6 10. Bxf6 Qxf6 11. Nxg4 Qe7 12. Rd1 Na6 13.
e4 O-O 14. Bxa6 bxa6 15. e5 f5 16. exf6 Bxf6 17. Nxh6+ Kg7 18. Ng4 Bg5 19. O-O Rf7 20. Ne5 Rf5 21. Nxc6 Qf6 22. Qb7+ Kh6 23.
Rd3 Rf8 24. Rh3 Bh4 25. f3 Qg5 26. Nd1 Qf4 27. g3 Rg5 28. g4 Rxg4+ 29. Kh1 Qg5 30. Qxa6 Rgf4 31. Ne5 Rxd4 32. Ng4 Kh5 33.
Qxa7 Rh8 34. Qg7 Rxg4 35. Qxh8 Qh6 36. fxg4 Kg5 37. Qxh6+ Kxh6 38. Rxh4 1-0

[Event "Chessity Nationale Pupillendag 2018 - Groep F"]
[Site "Meppel, Netherlands"]
[Date "2018.06.23"]
[Round "4.2"]
[White "Madularea, David"]
[Black "Van Batenburg, Mees"]
[Result "1-0"]
[TimeControl "15 min + 10 sec"]
[WhiteElo "961"]
[BlackElo "962"]

1. Nf3 d5 2. d4 Nc6 3. c4 e6 4. Nc3 Nf6 5. Bf4 Bb4 6. Qc2 Ne4 7.
e3 f6 8.
a3 Bxc3+ 9. bxc3 Na5 10. g3 f5 11. Ne5 c5 12. f3 Nd6 13. dxc5 Ndxc4 14. Nxc4 Nxc4 15. Bxc4 dxc4 16. Qa4+ Bd7 17. Qxc4 O-O 18. O-O Qe8 19.
Qb4 e5 20. Qb3+ Be6 21. Qxb7 exf4 22. exf4 Bd7 23. Rfe1 Qd8 24. Rad1 Rf7 25. c6 Qc8 26. Rxd7 Rxd7 27. Qxc8+ Rxc8 28.
cxd7 Rf8 29. Re8 Kf7 30. Rxf8+ Kxf8 31. d8=Q+ Kf7 32. Qd5+ Kg6 33. Qe6+ Kh5 34. Qxf5 Kh6 35. g4 g6 36. Qf8 1-0

[Event "Chessity Nationale Pupillendag 2018 - Groep F"]
[Site "Meppel, Netherlands"]
[Date "2018.06.23"]
[Round "4.3"]
[White "Fallaux, Storm"]
[Black "De Vreugt Pezo, Max"]
[Result "0-1"]
[TimeControl "15 min + 10 sec"]
[WhiteElo "779"]
[BlackElo "922"]

1. d4 d5 2. c4 dxc4 3. e4 Nf6 4. Nc3 Nc6 5. d5 Ne5 6. Bf4 Ng6 7. Bg3 Bd7 8. Bxc4 e6 9. Qe2 Bb4 10. Qd2 Nxe4 11. Qd3 Nxg3 12.
fxg3 O-O 13. Nf3 Re8 14. O-O Bc5+ 15. Kh1 exd5 16. Qxd5 Qe7 17. Rae1 Qf8 18. Rxe8 Bxe8 19. Qxb7 Bd7 20.
Qxc7 Bg4 21. Ng5 Nh8 22. Bxf7+ Nxf7 23. Qxf7+ Qxf7 24. Rxf7 Re8 25. h3 Bh5 26. Rf5 Bd6 27. Nce4 Bc7 28.
Nc3 Bxg3 29. Nce4 Bc7 30. Nd2 Bg6 31. Rf1 Bd3 32. Rg1 Bb6 33. Rd1 Be2 34. Rc1 Be3 35. Rc2 Bxg5 36. Kh2 Bxd2 37.
Rxd2 Bb5 38. b3 h6 39. a4 Ba6 40.
Rd6 Bb7 41. Rd7 Rb8 42. b4 a6 43.
Kg3 Kh7 44. Kh4 Bxg2 45. Rd4 g5 46. Kg3 Bc6 47. a5 Bb5 48. h4 gxh4+ 49. Kxh4 Rg8 50. Re4 Rg6 51. Re7 Rg7 52. Re6 Rf7 53.
Kg4 Bd7 54. Kh5 Bxe6 55. b5 axb5 56.
a6 b4 57. a7 Rxa7 58. Kh4 b3 59. Kh5 b2 60. Kh4 b1=Q 61.
Kg3 Qg6+ 62. Kf3 Rf7+ 63. Ke3 Qg3+ 64. Ke4 Qe1+ 65. Kd3 Rd7+ 66. Kc2 Bf5+ 67. Kb2 Qb4+ 68. Kc1 Qc5+ 69. Kb2 Rb7+ 70. Ka2 Qa5# 0-1

[Event "Chessity Nationale Pupillendag 2018 - Groep F"]
[Site "Meppel, Netherlands"]
[Date "2018.06.23"]
[Round "4.4"]
[White "Grooten, Tommy"]
[Black "Jakhari, Ansh"]
[Result "1-0"]
[TimeControl "15 min + 10 sec"]
[WhiteElo "1408"]
[BlackElo "1293"]

1. e4 c5 2. Nf3 d6 3. d4 cxd4 4. Nxd4 Nf6 5. Nc3 a6
6. f4 e6 7. Be3 Qc7 8. Qd2 Nbd7 9. O-O-O Be7 10. Be2 b5 11. Bf3 Bb7 12. g4 Nc5 13. Qg2 O-O-O 14. g5 Nfd7 15. f5 exf5 16. Nxf5 Bf8 17. Nd5 Bxd5 18. Rxd5 Nb6 19. Rhd1 Nxd5 20.
Rxd5 g6 21. Nd4 Bg7 22. Bg4+ Kb7 23. e5 Kb8 24. exd6 Qb7 25. Bf3 Qc8 26. Rxc5 Qd7 27. Nc6+ Kc8 28. Ne5+ Kb8 29. Nxd7+ Rxd7 30.
Qg4 Rhd8 31. Bf4 Bf8 32. Rc7 Bxd6 33. Rxd7 Bxf4+ 34. Qxf4+ Kc8 35. Qc7# 1-0

[Event "Chessity Nationale Pupillendag 2018 - Groep F"]
[Site "Meppel, Netherlands"]
[Date "2018.06.23"]
[Round "4.5"]
[White "Song, Fred"]
[Black "Van Gaal, Hugo"]
[Result "0-1"]
[TimeControl "15 min + 10 sec"]
[WhiteElo "580"]
[BlackElo "851"]

1. e4 e5 2. Nf3 Nc6 3.
Nc3 Nf6 4. Bb5 Bc5 5. Nxe5 Nxe5 6. d4 Bxd4 7. Qxd4 Neg4 8. Qd1 O-O 9. O-O Qe8 10. f3 Ne5 11.
Re1 c6 12. Ba4 Nh5 13. Rf1 f5 14. exf5 Rxf5 15. Bb3+ Kf8 16. Qd6+ Qe7 17. Qd1 Qe8 18. Bg5 Rxg5 19. Qd6+ Qe7 20.
Qd2 Rg6 21. g4 Nf6 22. Ne4 Nxe4 23. fxe4+ Rf6 24. Rxf6+ Qxf6 25. Qb4+ Ke8 26. Qd4 Nf3+ 27. Kg2 Nxd4 28. c3 Nxb3 29. axb3 d5 30. exd5 cxd5 31. Re1+ Kf8 32. Rf1 Qxf1+ 33. Kxf1 Bxg4 34. c4 dxc4 35. bxc4 Rc8 36. b3 h5 37. Kf2 h4 38. Kg2 h3+ 39. Kg3 Be6 40. Kf3 Bxc4 41. bxc4 Rxc4 42. Kg3 a5 43.
Kf2 a4 44. Ke3 a3 45. Kd3 Rc8 46. Kd4 a2 47. Kd5
a1=Q 48. Kd6 Qf6+ 49. Kd7 Qc6# 0-1

[Event "Chessity Nationale Pupillendag 2018 - Groep F"]
[Site "Meppel, Netherlands"]
[Date "2018.06.23"]
[Round "4.6"]
[White "Tang, Dean"]
[Black "Geldof, Wouter"]
[Result "1-0"]
[TimeControl "15 min + 10 sec"]
[WhiteElo "563"]
[BlackElo "701"]

1. e4 e5 2. d4 d5 3.
dxe5 dxe4 4. Qxd8+ Kxd8 5. Nf3 Nc6 6. Ng5 Nxe5 7.
Nc3 f6 8. Ngxe4 Bf5 9. Bf4 Bc5 10. Nxc5 b6 11. N5e4 Nc4 12. Bxc4 Ne7 13. O-O-O+ Kc8 14. Rhe1 Nc6 15. Bd5 Bd7 16.
Bc4 Nb4 17. Rd4 Re8 18. Nd6+ cxd6 19. Rxe8+ Bxe8 20. Bxd6 Nc6 21. Re4 Bg6 22. Re6 Nd4 23. Bd5 Nxe6 24. Bxa8 Nd4 25. Be4 Bh5 26. Bxh7 Kd7 27. Bf4 b5 28.
Nd5 Ne2+ 29. Kd2 Nd4 30. Be3 Ne2 31. Bxa7 Kd6 32. Nb4 Nf4 33. g3 Nh3 34. Bb8+ Kc5 35. Nd3+ Kd4 36. Bf5 Ng5 37.
Ba7+ Kc4 38. b3+ Kd5 39. a4 Nf3+ 40. Ke3 Kc6 41. Be4+ Kc7 42. Bxf3 Bg6 43. axb5 Bxd3 44. cxd3 g6 45.
b6+ Kc8 46. b7+ Kd7 47. b8=Q Ke6 48. Qb5 f5 49. Qc5 g5 50. g4 fxg4 51. Bxg4+ Kf7 52. Qd6 Ke8 53. Qc7 Kf8 54. b4 Ke8 55.
b5 Kf8 56. b6 Ke8 57. b7 Kf8 58. b8=R# 1-0

[Event "Chessity Nationale Pupillendag 2018 - Groep F"]
[Site "Meppel, Netherlands"]
[Date "2018.06.23"]
[Round "5.1"]
[White "De Vreugt Pezo, Max"]
[Black "Kazarjan, Gachatur"]
[Result "0-1"]
[TimeControl "15 min + 10 sec"]
[WhiteElo "922"]
[BlackElo "1020"]

1. e4 e6 2. Nf3 d5 3. e5 Nd7 4.
d4 c5 5.
Be3 Qb6 6. dxc5 Bxc5 7. Bxc5 Qxc5 8.
Nc3 Ne7 9. Be2 O-O 10. O-O Ng6 11. Qd2 Ndxe5 12. Nxe5 Nxe5 13. Rfe1 Nc6 14. Rad1 b6 15. Bf3 Bb7 16. h3 Rad8 17.
Na4 Qa5 18. Qxa5 Nxa5 19. Rd2 Nc4 20. Rd3 Ba6 21. Rd4 Nd6 22. Red1 Nf5 23. R4d2 Rd7 24. b3 Rfd8 25. c3 Nh4 26.
Bg4 f5 27. Be2 Bxe2 28. Rxe2 Re8 29. Nb2 e5 30. f3 e4 31. fxe4 fxe4 32. Kf2 Rf8+ 33. Kg1 Re8 34. Rd4 Re6 35.
Nd1 Nf5 36. Rdd2 d4 37. cxd4 Nxd4 38. Re3 Nf3+ 39. gxf3 Rxd2 40. Nf2 Rxa2 41. fxe4 Ra5 42. Ng4 Rg5 43. e5 h5 44. Kg2 hxg4 45.
hxg4 Rexe5 46. Rxe5 Rxe5 47. Kf3 Rc5 48. Kf4 a5 49. g5 Rxg5 50. Kxg5 b5 51. Kf4 Kf7 52. Ke3 Kf6 53. Kd2 Kf5 54. Kc2 Kf4 55. Kd2 Kf3 56. Ke1 a4 57. bxa4 bxa4 58. Kd2 g5 59. Ke1 g4 60. Kf1 a3 61. Kg1 a2 62. Kh2 g3 63. Kh3 a1=Q 64. Kh4 0-1

[Event "Chessity Nationale Pupillendag 2018 - Groep F"]
[Site "Meppel, Netherlands"]
[Date "2018.06.23"]
[Round "5.2"]
[White "Jakhari, Ansh"]
[Black "Madularea, David"]
[Result "1-0"]
[TimeControl "15 min + 10 sec"]
[WhiteElo "1293"]
[BlackElo "961"]

1. e4 e5 2. Nf3 Nf6 3.
Nxe5 Qe7 4. d4 d6 5. Nf3 Qxe4+ 6. Be2 Bg4 7. O-O Nc6 8. Nc3 Qe6 9. d5 Nxd5 10.
Qxd5 Qxe2 11. Nxe2 Be6 12. Qb5 O-O-O 13. a4 Bd7 14. Qc4 Be6 15. Qc3 d5 16. a5 Rd6 17. a6 b6 18. Bf4 d4 19. Qd2 Rd7 20. Nexd4 Nxd4 21.
Nxd4 c5 22. c3 cxd4 23. cxd4 f6 24. Rac1+ Kd8 25. Rfe1 Bf7 26. Qc3 Bc5 27. dxc5 b5 28. c6 Rd5 29.
c7+ Kc8 30. Qc6 Rg8 31. Qa8+ Kd7 32. c8=Q+ Rxc8 33. Qxc8# 1-0

[Event "Chessity Nationale Pupillendag 2018 - Groep F"]
[Site "Meppel, Netherlands"]
[Date "2018.06.23"]
[Round "5.3"]
[White "Jonkman, Sophia"]
[Black "Grooten, Tommy"]
[Result "1-0"]
[TimeControl "15 min + 10 sec"]
[WhiteElo "538"]
[BlackElo "1408"]

1. d4 Nf6 2. c4 c5 3. Nf3 cxd4 4.
Nxd4 Nc6 5. Nxc6 bxc6 6. Nc3 e5 7. g3 Rb8 8. Bg2 Bb4 9. Bd2 O-O 10. O-O Ba6 11. b3 Qa5 12. Qc2 Rbc8 13. Qb2 Qc7 14. Ne4 Bxd2 15.
Nxf6+ gxf6 16. Qxd2 Rcd8 17. Qh6 Qd6 18. Be4 Rfe8 19. Qxh7+ Kf8 20. Rfd1 Qe6 21. Bf3 1-0

[Event "Chessity Nationale Pupillendag 2018 - Groep F"]
[Site "Meppel, Netherlands"]
[Date "2018.06.23"]
[Round "5.4"]
[White "Van Batenburg, Mees"]
[Black "Tang, Dean"]
[Result "1-0"]
[TimeControl "15 min + 10 sec"]
[WhiteElo "962"]
[BlackElo "563"]

1. e4 d5 2. exd5 e6 3. dxe6 Bxe6 4.
Nc3 Nf6 5. Nf3 Nc6 6. Qe2 Bb4 7. a3 Bc5 8.
b4 Be7 9. d3 Nd4 10. Nxd4 Qxd4 11. Bb2 Qd8 12. g3 Bd5 13. f3 Qd6 14. Bg2 Qe6 15. Qxe6 Bxe6 16. O-O O-O-O 17. Nb5 Kb8 18. Bd4 b6 19. Bf2 c5 20. g4 cxb4 21. axb4 Bxb4 22. Rxa7 Bc5 23. Bxc5 bxc5 24. g5 Nd5 25.
Rfa1 Nb6 26. f4 Bd7 27. Rb7+ Kc8 28. Nd6# 1-0